Match 28678361
Unlisted

Match 28678361
End
Construct Barracks
1⁄4-ton 4x4 Truck
Selects Armored Battlegroup
Selects Veteran Crews
Riflemen Squad
Riflemen Squad
Riflemen Squad
Air Support Center
M1 Mortar Team
Construct Medical Station
Grasshopper Recon Run
P-47 Strafing Run
Engineer Squad
Construct Tank Depot
Grasshopper Recon Run
Selects Strength in Steel
Selects Seek and Destroy
Selects UNKNOWN (2160077)
P-47 Strafing Run
Selects M31 Recovery Vehicle
M4A3E8 Sherman Easy Eight
P-47 Strafing Run
Grenade Package
Grasshopper Recon Run
HulkSMASH
Ruby
FutureNP
nub
0
0

Comments sign in to comment!

No comments posted yet!